 Dungeon Crawl Stone Soup version 0.14-a0-1719-ga7e7698 (webtiles) character file.

150 Jenx the Exhumer (level 3, -4/27 HPs)
             Began as a Demonspawn Death Knight on Jan 1, 2014.
             Was a Follower of Yredelemnul.
             Killed by nerve-wracking pain
             ... invoked by Jessica
              (5 damage)
             ... on Level 2 of the Dungeon.
             The game lasted 00:03:58 (1112 turns).

Jenx the Exhumer (Demonspawn Death Knight)          Turns: 1112, Time: 00:03:59

HP  -4/27        AC  4     Str 13      XL: 3   Next:  1%
MP   5/5         EV 10     Int 13      God: Yredelemnul [*.....]
Gold 121         SH  0     Dex 12      Spells:  0 memorised,  2 levels left

rFire  . . .     SeeInvis .     a - +1 falchion
rCold  . . .     Clarity  .     b - +0 leather armour
rNeg   . . .     Conserve .     (no shield)
rPois  .         rCorr    .     (no helmet)
rElec  .         rRot     .     r - +0 cloak
SustAb . .       Spirit   .     (no gloves)
rMut   .         Warding  .     (no boots)
Saprov . . .     Stasis   .     (no amulet)
                                (no ring)
                                (no ring)

@: not resistant to hostile enchantments, very unstealthy
A: talons 1
a: Animate Remains, Renounce Religion


You were on level 2 of the Dungeon.
You worshipped Yredelemnul.
Yredelemnul was aware of your devotion.
You were not hungry.

You visited 1 branch of the dungeon, and saw 2 of its levels.

You collected 121 gold pieces.

Inventory:

Hand weapons
 a - a +1,+1 falchion (weapon)
Armour
 b - a +0 leather armour (worn)
 r - a +0 cloak (worn)
Comestibles
 c - a bread ration
 d - a meat ration
 s - a chunk of rat flesh
Scrolls
 g - a scroll of identify {unknown}
 i - a scroll of curse jewellery {unknown}
 j - 2 scrolls of remove curse {unknown}
 k - 2 scrolls of immolation {unknown}
 l - a scroll of magic mapping {unknown}
 m - a scroll of noise {unknown}
 o - a scroll of fear {unknown}
 t - a scroll of enchant weapon II {unknown}
 v - a scroll of enchant weapon I {unknown}
Jewellery
 u - an uncursed ring of positive energy {unknown}
Potions
 e - 4 potions of might {unknown}
 f - a potion of mutation {unknown}
 h - a potion of speed {unknown}
 n - a potion of magic {unknown}
 p - a potion of cure mutation {unknown}
 q - a potion of beneficial mutation {unknown}


   Skills:
 - Level 2.0 Fighting
 * Level 3.1 Long Blades
 - Level 0.8 Armour
 - Level 0.8 Dodging
 - Level 3.6 Invocations


You had 2 spell levels left.
You didn't know any spells.

Dungeon Overview and Level Annotations

Branches:
Dungeon (2/16)

Altars:

Annotations:
D:2 Jessica


Innate Abilities, Weirdness & Mutations

You have sharp toenails.


Message History

Your giant mite zombie barely misses something.
Something hits your giant mite zombie.
Your giant mite zombie is destroyed!
You start resting.
Jessica zaps a wand.
The puff of flame misses you. Jessica casts a spell at you.
Pain shoots through your body!
* * * LOW HITPOINT WARNING * * *
Jessica zaps a wand.
The puff of flame hits you!
* * * LOW HITPOINT WARNING * * *
You hit Jessica but do no damage. You claw Jessica.
Jessica is moderately wounded.
Jessica hits you.
* * * LOW HITPOINT WARNING * * *
You hit Jessica. Your kick misses Jessica.
Jessica is severely wounded.
Jessica casts a spell at you. Pain shoots through your body!
You die...
Your body rises from the dead as a mindless zombie.

#....##....##.#
#...##..##.##+
......###...##.###..###..##..
#####..# #...........#
#..##..
#..#####.........###..##..
............z.........#
..........####.#####.#
####.#............ ..#
###.#...####..####.##
.........@..g.....#.#
###.#.#@####..##.#.#
.................. .#
###........#.......
#.###.##g#.#.#.#. ... ###
.#.#.# . # ... . .# # .


You could see Jessica and a goblin.

Vanquished Creatures
  A worm (D:2)
  A giant mite (D:2)
  A giant cockroach (D:1)
  A goblin (D:1)
  2 hobgoblins (D:1)
  A ball python (D:1)
  2 bats (D:1)
  4 giant newts
  2 kobolds (D:1)
  5 rats
20 creatures vanquished.

Vanquished Creatures (collateral kills)
  A rat (D:1)
1 creature vanquished.

Vanquished Creatures (others)
  A giant mite zombie (D:2)
1 creature vanquished.

Grand Total: 22 creatures vanquished

Notes
Turn   | Place    | Note
--------------------------------------------------------------
     0 | D:1      | Jenx, the Demonspawn Death Knight, began the quest for the Orb.
     0 | D:1      | Reached XP level 1. HP: 16/16 MP: 2/2
   324 | D:1      | Gained mutation: You have sharp toenails. [demonic ancestry]
   324 | D:1      | Reached XP level 2. HP: 22/22 MP: 4/4
  1009 | D:2      | Reached XP level 3. HP: 27/27 MP: 5/5
  1101 | D:2      | Noticed Jessica
  1111 | D:2      | HP: 1/27 [Jessica (3)]
  1112 | D:2      | Killed from afar by Jessica

Action                   || total
-------------------------++-------
Melee: Falchion          ||    49
Invok: Animate Remains   ||     5
